 Dungeon Crawl Stone Soup version 0.32-a0-918-g0f22ef8d61 (webtiles) character file.

Game seed: 202786476679290007

27 Iich the Chopper (level 2, -1/12 (25) HPs)
             Began as a Mountain Dwarf Reaver on Apr 10, 2024.
             Slain by a gnoll
             ... wielding a +0 flail
              (11 damage)
             ... on level 1 of the Dungeon.
             The game lasted 00:02:12 (389 turns).

Iich the Chopper (Mountain Dwarf Reaver)             Turns: 389, Time: 00:02:13

HP:   -1/12 (25)    AC:  3    Str: 14    XL:     2   Next: 93%
MP:   5/5           EV: 10    Int: 13    God:
Gold: 27            SH:  0    Dex:  8    Spells: 4/5 levels left

rFire   . . .        a - +0 hand axe
rCold   . . .        (no shield)
rNeg    . . .        b - +0 leather armour
rPois   .            (no helmet)
rElec   .            (no cloak)
rCorr   .            (no gloves)
SInv    .            (no boots)
Will    .....        (no amulet)
Stlth   +            g - ring of flight
HPRegen 0.22/turn    (no ring)
MPRegen 0.09/turn

%: no passive effects
@: flying, extremely drained
A: runic magic, artefact enchanting
a: no special abilities


You were on level 1 of the Dungeon.
You visited 1 branch of the dungeon, and saw 1 of its levels.

You collected 27 gold pieces.

Inventory:

Hand Weapons
 a - a +0 hand axe (weapon)
Armour
 b - a +0 leather armour (worn)
Jewellery
 g - a ring of flight (left hand)
Scrolls
 c - a scroll of identify {unknown}
 e - a scroll of fog {unknown}
 f - a scroll of vulnerability {unknown}
Potions
 d - 2 potions of might {unknown}


   Skills:
 + Level 2.5 Fighting
 + Level 4.0 Axes
 + Level 1.7 Dodging
 + Level 2.0 Spellcasting
 + Level 2.9 Conjurations


You had 4 spell levels left.
You knew the following spells:

 Your Spells              Type           Power      Damage    Failure   Level
a - Kiss of Death         Conj/Necr      20%        2d7       14%         1

Your spell library contained the following spells:

 Spells                   Type           Power      Damage    Failure   Level
 Momentum Strike          Conj/Tloc      10%        3d8       22%         2
 Hailstorm                Conj/Ice       5%         3d5       38%         3


Dungeon Overview and Level Annotations

Branches:
Dungeon (1/15)

Altars:


Innate Abilities, Weirdness & Mutations

Your spellcasting is much less encumbered by armour.
You can use scrolls of enchantment on lesser artefacts.


Message History

The giant cockroach bites you.
* * * LOW HITPOINT WARNING * * *
You take 2 damage, and have 12/17 hp.
Unknown command.
You are too injured to fight recklessly!
Unknown command.
You are too injured to fight recklessly!
Unknown command.
You are too injured to fight recklessly!
You are too injured to fight recklessly!
You are too injured to fight recklessly!
Casting: Kiss of Death (safe; 14% risk of failure)
Confirm with . or Enter, or press ? or * to list all spells.
Aiming: Kiss of Death (safe; 14% risk of failure)
Press: ? - help, Shift-Dir - straight line, f - giant cockroach
Aim: a giant cockroach (100% to hit)
The fragment of death hits the giant cockroach.
The giant cockroach is drained!
You kill the giant cockroach!
You feel drained.
Your Axes skill increases to level 4!
You now have 4/5 mp.
g - a ring of flight MP restored: 5 Unknown command.
You fly up into the air.
g - a ring of flight (left hand)
Okay, then.
You see here a ball python corpse.
Found a leather armour.
Found a stone staircase leading down.
A giant cockroach comes into view.
A gnoll comes into view. It is wielding a +0 flail.
The giant cockroach closely misses you.
You hit the giant cockroach but do no damage.
The giant cockroach bites you but does no damage. x2
You closely miss the giant cockroach. The giant cockroach barely misses you.
You closely miss the gnoll. You closely miss the giant cockroach.
The giant cockroach bites you. The gnoll hits you with a +0 flail!
Ouch! That really hurt!
You die...

..........##.######..
.##.....#............
...#....#............ .
....#..#...##........ ..
.†..###....##...... ...
†††###.....# .... ....
..#..#.....###.# .....
.#....#........###......
.#.....##.......@B......
.................g......
#...#...................
#......###..............
##[...## #########......
#.#>.# ...... ####.#
...... ######


You could see a gnoll and a giant cockroach.

Vanquished Creatures
  2 dart slugs (D:1)
  A ball python (D:1)
  A bat (D:1)
  An endoplasm (D:1)
  A giant cockroach (D:1)
  4 goblins (D:1)
  A hobgoblin (D:1)
  3 jackals (D:1)
  4 kobolds (D:1)
  2 frilled lizards (D:1)
  A rat (D:1)
21 creatures vanquished.

Notes
Turn   | Place    | Note
-------+----------+-------------------------------------------
     0 | D:1      | Iich the Mountain Dwarf Reaver began the quest for the Orb.
     0 | D:1      | Reached XP level 1. HP: 17/17 MP: 3/3
   114 | D:1      | Reached XP level 2. HP: 16/19 MP: 4/4
   356 | D:1      | Reached skill level 4 in Axes
   389 | D:1      | Slain by a gnoll

Illustrated notes

Levels and vault maps discovered:
D:1:      lightli_arrival_lavapool, layout_basic, minmay_misc_feat_chi

Skill      XL: |  1  2 |
---------------+-------+-----
Spellcasting   | 2 |  2.0
Axes           | 4 |  4.0
Fighting       | |  2.5
Dodging        | |  1.7
Conjurations   | |  2.9

Action                     || total
---------------------------++-------
  Melee: Hand axe          ||    53
   Cast: Kiss of Death     ||     5
 Armour: Leather armour    ||    45
  Dodge: Dodged            ||    27

Table legend: (Time is in decaauts)
 A = Elapsed time spent in this place.
 B = Non-inter-level travel time spent in this place.
 C = Inter-level travel time spent in this place.
 D = Time resting spent in this place.
 E = Time spent auto-exploring this place.
 F = Levels seen in this place.
 G = Mean time per level.
                   A        B        C        D        E       F      G
               +--------+--------+--------+--------+--------+-----+--------+
         Total |    394 |    394 |      0 |     20 |    197 |   1 |  394.0 |
       Dungeon |    394 |    394 |      0 |     20 |    197 |   1 |  394.0 |
               +--------+--------+--------+--------+--------+-----+--------+

Top non-repeatable levels by time:
     D:1: 394 daAuts
